AoeStats
← Bingus The Flamingus

Pilgrims

508359832Analyzed
2v2 RM · 10d ago on Sep 22, 2026· 26m 42s· 4 players
Game mode
Random Map
Map size
Medium (4 player)
Population
200
Speed
Normal
Resources
Standard
Victory
Conquest
Starting age
Dark Age
Ending age
Imperial Age
RankedLock teamsTeams togetherTeam positionsShared explorationLock speedFull tech treeHidden civsTurbo modeCheats
Victory
Defeat
🇹🇼 Gurjaras · Taiwan
911
+35
🇺🇸 Spanish · United States
897
+16
🇨🇦 Sicilians · Canada
912
-16
🇮🇱 Bengalis · Israel
905
-16
AgentFlea
9:00 Loom
11:28 Feudal Age
16:52 Fletching
19:47 Castle Age
20:14 Padded Archer Armor
26:02 Bodkin Arrow
Ka
11:26 Feudal Age
12:51 Town Watch
13:24 Fishing Lines
13:16 Man-at-Arms
14:28 Arson
15:24 Scale Mail Armor
15:35 Forging
15:52 Double-Bit Axe
16:43 Stone Mining
21:55 Castle Age
21:04 Gold Mining
26:34 Fletching
26:46 Padded Archer Armor
Bingus The Flamingus
14:57 Feudal Age
13:41 Loom
16:32 Double-Bit Axe
19:13 Castle Age
22:27 Wheelbarrow
22:09 Bloodlines
22:12 Forging
27:09 Iron Casting
Chimpanzee
10:57 Loom
13:15 Feudal Age
18:38 Fletching
21:46 Double-Bit Axe
25:43 Castle Age
Connection lost

Rejoining the realm…

Still unreachable

The connection could not be restored.

Session expired

The server has moved on; the page needs a fresh start.